Map: Acid Plant LE

Players

iCHORNodz - Winner!

  • Race: Zerg Zerg
  • League: Diamond
  • Spawn Location: 5:00

Subwayeatn

  • Race: Zerg Zerg
  • Spawn Location: 11:00

VOD

Have the link to the VOD?

Description

Time

  • Played on: April 23, 2018, 2:18 a.m.
  • Length: 4:57
Show
View Real Time Build Order
Export as new Build Order

iCHORNodz Zerg - Winner!

Build Orders: Hatch First 

Get SALT Encoding   

  12  0:00  Drone  
  13  0:12  Overlord  
  13  0:17  Drone  
  14  0:31  Drone x2  
  14  0:35  Drone  
  17  0:52  Hatchery  
  16  0:57  Drone  
  16  1:00  Drone  
  16  1:03  Extractor  
  17  1:16  Spawning Pool  
  16  1:19  Drone  
  16  1:24  Drone  
  18  1:27  Drone  
  19  1:38  Drone  
  20  1:49  Overlord  
  20  2:04  Queen  
  20  2:05  Queen  
  20  2:08  Zergling x4  
  26  2:20  Metabolic Boost  
  26  2:22  Zergling x4  
  28  2:23  Zergling x2  
  29  2:34  Drone  
  30  2:47  Roach Warren  
  30  2:50  Overlord x2  
  29  2:53  Drone  
  29  2:54  Drone  
  29  2:57  Drone  
  32  3:01  Drone  
  33  3:07  Overlord  
  33  3:13  Drone x2  
  33  3:16  Drone  
  31  3:38  Roach  
  31  3:39  Roach x5  
  43  3:47  Roach x3  
  49  3:52  Roach  
  51  3:58  Overlord  
  51  4:08  Drone  
  52  4:10  Overlord x2  
  52  4:30  Roach x6  
  64  4:32  Drone x2  
Show
View Real Time Build Order
Export as new Build Order

Subwayeatn Zerg 

Build Orders: Hatch First 

Get SALT Encoding   

  12  0:01  Drone  
  13  0:09  Drone  
  14  0:16  Overlord  
  14  0:35  Drone x3  
  17  0:54  Hatchery  
  16  1:01  Drone  
  17  1:07  Extractor  
  16  1:12  Spawning Pool  
  15  1:31  Drone x3  
  19  1:59  Hatchery  
  18  2:05  Queen  
  18  2:06  Zergling x2  
  18  2:07  Zergling x2  
  22  2:12  Overlord  
  22  2:17  Extractor  
  21  2:30  Zergling x4  
  21  2:34  Metabolic Boost  
  23  2:43  Hatchery  
  23  2:44  Drone  
  23  3:11  Lair  
  23  3:14  Baneling Nest  
  23  3:16  Drone x2  
  22  3:39  Queen  
  22  3:40  Drone  
  25  3:49  Drone x2  
  27  3:57  Drone  
  28  4:04  Baneling x5  
  28  4:26  Drone x3  
  31  4:34  Drone x3  
  31  4:37  Drone  
  35  4:40  Drone  
Tags
 
League
Diamond
Matchup
ZvZ
Race
Zerg
Replay Pack
Multiplayer
Spawn Locations
Cross Positions
Add a new tag
Caveats
  • Supply blocks, unpowered buildings, or Contaminate may cause inaccurate times.
  • Supply counts are checked every 10 seconds.